 Dungeon Crawl Stone Soup version 0.21-a0-154-gb5400c9 (webtiles) character file.

488 KarmaPolice the Slasher (level 7, -5/38 HPs)
             Began as a Vine Stalker Fighter on Aug 2, 2017.
             Slain by a mummy (13 damage)
             ... in an ossuary.
             The game lasted 00:05:32 (2341 turns).

KarmaPolice the Slasher (Vine Stalker Fighter)      Turns: 2341, Time: 00:05:32

Health: -5/38      AC:  6    Str: 20    XL:     7   Next: 13%
Magic:  0/8        EV:  7    Int:  8    God:
Gold:   314        SH:  9    Dex: 14    Spells: 6/6 levels left

rFire    + . .     SeeInvis .   v - +4 flail (crush)
rCold    . . .     Gourm    .   c - +0 shield
rNeg     . . .     Faith    .   b - +0 scale mail
rPois    .         Spirit   +   (no helmet)
rElec    .         Reflect  .   (no cloak)
rCorr    .         Harm     .   (no gloves)
MR       .....                  (no boots)
Stlth    ..........             (no amulet)
HPRegen  0.52/turn              l - ring of protection from fire
MPRegen  0.11/turn              (no ring)

@: no status effects
A: fangs 2, regeneration 1, magic shield, antimagic bite, no potion heal 3, rot
immunity
a: no special abilities


You were in an ossuary.
You were not hungry.

You visited 1 branch of the dungeon, and saw 4 of its levels.
You also visited: Ossuary.

You collected 314 gold pieces.

Inventory:

Hand Weapons
 a - a +0 long sword
 v - a +4 flail of crushing (weapon)
Armour
 b - a +0 scale mail (worn)
 c - a +0 shield (worn)
Jewellery
 l - a ring of protection from fire (left hand)
 A - an uncursed ring of magical power {unknown}
 B - an uncursed ring of protection from magic {unknown}
Wands
 y - a wand of random effects (11/48)
Scrolls
 e - a scroll of amnesia {unknown}
 i - a scroll of magic mapping {unknown}
 j - a scroll of recharging {unknown}
 m - 2 scrolls of remove curse {unknown}
 s - 4 scrolls of identify {unknown}
 t - a scroll of enchant weapon {unknown}
 z - a scroll of fear {unknown}
Potions
 d - 2 potions of might
 g - 7 potions of haste {unknown}
 h - a potion of brilliance {unknown}
 p - a potion of agility {unknown}
 q - a potion of magic {unknown}
 u - a potion of invisibility {unknown}
 w - 2 potions of curing {unknown}
 x - a potion of resistance {unknown}
Comestibles
 f - 3 bread rations
 k - 3 fruits
 n - 2 royal jellies
 o - a meat ration
 r - 6 chunks of flesh


   Skills:
 + Level 4.3 Fighting
 + Level 4.4 Long Blades
 + Level 2.1 Maces & Flails
 + Level 3.5 Armour
 - Level 2.6 Shields


You had 6 spell levels left.
You didn't know any spells.

Dungeon Overview and Level Annotations

Branches:
Dungeon (4/15)
 Temple: D:4-7

Altars:


Innate Abilities, Weirdness & Mutations

You have extremely sharp teeth.
Your natural rate of healing is unusually fast.
When hurt, damage is shared between your health and your magic reserves.
Your bite disrupts and absorbs the magic of your enemies.
Potions cannot restore your health.
You are immune to rotting.


Message History

You are too injured to fight recklessly!
You are too injured to fight recklessly!
You are too injured to fight recklessly!
Your shield and scale mail prevent you from hitting the mummy.
Your bite misses the mummy.
The mummy is almost destroyed.
The mummy hits you!
* * * LOW HITPOINT WARNING * * *
A mummy comes into view.
You barely miss the mummy. Your bite misses the mummy.
The mummy is almost destroyed.
There is an open door here.
You hit the mummy.
You destroy the mummy!
Unknown command.
You start resting.
You thump the mummy!
The mummy is heavily damaged.
The mummy hits you!
You die...

'.. #.#
'.# #.'
+.#
###.###
#.'M'.#
###M#####
#.'.#@.∩#
###.M.∩.#
#.'.#...#
###.#####
+..≈
#.≈.≈≈
#P#P≈P#
##≈#≈≈≈≈
≈ ##≈#


You could see a mummy.

Vanquished Creatures
  2 ogres (D:4)
  A scorpion (D:3)
  A bullfrog skeleton (D:4)
  6 mummies (Ossuary)
  A worker ant zombie (Ossuary)
  5 adders
  2 worms (D:2)
  2 dart slugs
  A leopard gecko (D:1)
  9 orcs
  6 giant cockroaches
  16 goblins
  12 hobgoblins
  11 kobolds
  A quokka (D:3)
  A ball python (D:1)
  8 bats
  3 frilled lizards
  5 rats
93 creatures vanquished.

Notes
Turn   | Place    | Note
-------+----------+-------------------------------------------
     0 | D:1      | KarmaPolice the Vine Stalker Fighter began the quest for the Orb.
     0 | D:1      | Reached XP level 1. HP: 11/11 MP: 2/2
   189 | D:1      | Reached XP level 2. HP: 14/16 MP: 3/3
   484 | D:1      | Reached XP level 3. HP: 20/20 MP: 4/4
  1202 | D:2      | Gained mutation: Your natural rate of healing is unusually fast. [Vine Stalker growth]
  1202 | D:2      | Reached XP level 4. HP: 21/24 MP: 5/5
  1386 | D:3      | Reached XP level 5. HP: 29/29 MP: 6/6
  2178 | D:4      | Reached XP level 6. HP: 28/33 MP: 5/7
  2195 | D:4      | Reached skill level 1 in Maces & Flails
  2288 | D:4      | Found a sand-covered staircase.
  2293 | Ossuary  | Entered an ossuary
  2311 | Ossuary  | Reached XP level 7. HP: 29/38 MP: 8/8
  2341 | Ossuary  | Slain by a mummy

Vault maps used:
D:1:      dpeg_arrival_houses_and_road
D:2:      cheibrodos_greedy_goblins
D:3:      minmay_goblin_kobold_house
D:4:      enter_ossuary_5, uniq_blork_the_orc
Ossuary:  ossuary_zaba_flooded

Skill      XL: |  1  2  3  4  5  6 |
---------------+-------------------+-----
Long Blades    | 2 3 4 |  4.4
Fighting       | 3 4 |  4.3
Armour         | 3 |  3.5
Maces & Flails | 2 |  2.1
Shields        | |  2.6

Action                   |  1- 3 |  4- 6 |  7- 9 || total
-------------------------+-------+-------+-------++-------
Melee: Long sword        |   106 |   104 |       ||   210
       Bite              |    28 |    44 |     3 ||    75
       Flail             |       |    58 |    13 ||    71
  Eat: Chunk             |     1 |     4 |       ||     5
Armor: Scale mail        |    42 |    58 |     1 ||   101
Dodge: Dodged            |    27 |    43 |       ||    70
Block: Shield            |    68 |    79 |     2 ||   149
       Rpst.: Long sword |     8 |    10 |       ||    18
